 Dungeon Crawl Stone Soup version 0.26-a0-958-gf3041fb45f (webtiles) character file.

Game seed: 9165913346084302200

26 robertstho the Ruffian (level 2, 0/29 HPs)
             Began as a Troll Berserker on Nov 30, 2020.
             Was a Believer of Trog.
             Slain by Sigmund
             ... wielding a +0 scythe
              (8 damage)
             ... on level 2 of the Dungeon.
             The game lasted 00:01:17 (911 turns).

robertstho the Ruffian (Troll Berserker)             Turns: 911, Time: 00:01:18

Health: 0/29       AC:  6    Str: 24    XL:     2   Next: 89%
Magic:  1/1        EV: 10    Int:  3    God:    Trog [**....]
Gold:   40         SH:  0    Dex:  9    Spells: 1/1 levels left

rFire    . . .     SeeInvis .     - Unarmed
rCold    . . .     Faith    .   (no shield)
rNeg     . . .     Spirit   .   a - +0 animal skin
rPois    .         Reflect  .   (helmet restricted)
rElec    .         Harm     .   (no cloak)
rCorr    .         Rampage  .   (gloves unavailable)
MR       .....                  (boots unavailable)
Stlth    +.........             (no amulet)
HPRegen  0.49/turn              (no ring)
MPRegen  0.07/turn              (no ring)

@: no status effects
A: large, unfitting armour, claws 3, regeneration 1, shaggy fur 1, tough skin 3
a: Berserk, Trog's Hand, Renounce Religion


You were on level 2 of the Dungeon.
You worshipped Trog.
Trog was pleased with you.
You visited 1 branch of the dungeon, and saw 2 of its levels.

You collected 40 gold pieces.

Inventory:

Armour
 a - a +0 animal skin (worn)
Jewellery
 g - an uncursed ring of poison resistance {unknown}
Scrolls
 b - a scroll of immolation {unknown}
 c - 2 scrolls of identify {unknown}
 e - a scroll of enchant armour {unknown}
Potions
 d - a potion of brilliance {unknown}
 f - a potion of curing {unknown}


   Skills:
 + Level 2.8 Fighting
 + Level 2.8 Dodging
 + Level 3.3 Unarmed Combat


You had one spell level left.
You didn't know any spells.
Your spell library was empty.

Dungeon Overview and Level Annotations

Branches:
Dungeon (2/15)

Altars:
Ashenzari

Annotations:
D:2 Sigmund


Innate Abilities, Weirdness & Mutations

You are too large for most types of armour.
You have claws for hands.
Your natural rate of healing is unusually fast.
You are covered in fur. (AC +1)
You have extremely tough skin. (AC +3)


Message History

No target in view!
No target in view!
No target in view!
No target in view!
No target in view!
No target in view!
No target in view!
No target in view!
No target in view!
No target in view!
A puff of flame appears from out of thin air!
The puff of flame hits you! Something hits you!
You closely miss something. You closely miss something. Something hits you.
You closely miss something. You closely miss something. Something hits you!
* * * LOW HITPOINT WARNING * * *
You closely miss something. Something hits you!
You die...

#######.#.#
#..#
#.#.###..#
#........#
#.#####..#
#.#####..##
#.........##
###..####..#
## ##{# #@#
#.# #.# #.#
..# #### .P
.. #.#


There were no monsters in sight!

Vanquished Creatures
  A worm (D:2)
  2 leopard geckos
  2 giant cockroaches
  A hobgoblin (D:1)
  3 bats (D:1)
  5 goblins
  4 kobolds (D:1)
  5 rats (D:1)
23 creatures vanquished.

Notes
Turn   | Place    | Note
-------+----------+-------------------------------------------
     0 | D:1      | robertstho the Troll Berserker began the quest for the Orb.
     0 | D:1      | Reached XP level 1. HP: 22/22 MP: 0/0
   109 | D:1      | Found a broken altar of Ashenzari.
   436 | D:1      | Reached XP level 2. HP: 29/29 MP: 1/1
   856 | D:2      | Reached ** piety under Trog
   896 | D:2      | Noticed Sigmund
   911 | D:2      | Slain by Sigmund

Illustrated notes

Levels and vault maps discovered:
D:1:      matt_arrival_diagonals, layout_basic, evilmike_ruin_ashenzari
D:2:      layout_basic, serial_aquarium, aquarium_bridge_square
          [aquarium_subvault_wall, aquarium_subvault_bridge,
          aquarium_subvault_window, aquarium_subvault_bridge],
          aquarium_bridge_square [aquarium_subvault_balcony,
          aquarium_subvault_bridge, aquarium_subvault_bridge,
          aquarium_subvault_bridge], aquarium_window_1, aquarium_window_fake,
          aquarium_view_2c, aquarium_pool_1, uniq_sigmund

Action                   || total
-------------------------++-------
Melee: Unarmed           ||    54
Armor: Animal skin       ||    27
Dodge: Dodged            ||    24

Table legend: (Time is in decaauts)
 A = Elapsed time spent in this place.
 B = Non-inter-level travel time spent in this place.
 C = Inter-level travel time spent in this place.
 D = Time resting spent in this place.
 E = Time spent auto-exploring this place.
 F = Levels seen in this place.
 G = Mean time per level.
                   A        B        C        D        E       F      G
               +--------+--------+--------+--------+--------+-----+--------+
         Total |    907 |    890 |     17 |      0 |    697 |   2 |  453.5 |
       Dungeon |    907 |    890 |     17 |      0 |    697 |   2 |  453.5 |
               +--------+--------+--------+--------+--------+-----+--------+

Top non-repeatable levels by time:
     D:1: 788 daAuts
     D:2: 119 daAuts
